 Dungeon Crawl Stone Soup version 0.22-a0-303-g4a852b3 (webtiles) character file.

89 Amnesiac the Gusty (level 4, -2/24 HPs)
             Began as a Tengu Air Elementalist on Mar 27, 2018.
             Slain by a gnoll
             ... wielding a +0 club
              (7 damage)
             ... on level 2 of the Dungeon.
             The game lasted 00:03:33 (1659 turns).

Amnesiac the Gusty (Tengu Air Elementalist)         Turns: 1659, Time: 00:03:33

Health: -2/24      AC:  4    Str:  9    XL:     4   Next: 55%
Magic:  3/9        EV: 12    Int: 16    God:
Gold:   40         SH:  0    Dex: 14    Spells: 1/8 levels left

rFire    . . .     SeeInvis .   (no weapon)
rCold    . . .     Gourm    .   (no shield)
rNeg     . . .     Faith    .   a - +0 robe
rPois    .         Spirit   .   (helmet restricted)
rElec    .         Reflect  .   g - +1 cloak
rCorr    .         Harm     .   (no gloves)
MR       .....                  (boots unavailable)
Stlth    ++........             (no amulet)
HPRegen  0.08/turn              (no ring)
MPRegen  0.11/turn              (no ring)

@: no status effects
A: beak, talons 3
a: no special abilities


You were on level 2 of the Dungeon.
You were not hungry.

You visited 1 branch of the dungeon, and saw 2 of its levels.

You collected 40 gold pieces.

Inventory:

Armour
 a - a +0 robe (worn)
 g - a +1 cloak (worn)
Scrolls
 e - 2 scrolls of identify {!r, unknown}
 i - a scroll of fear {!r, unknown}
Potions
 b - 2 potions of heal wounds {!q, unknown}
 f - a potion of ambrosia {!q, unknown}
 h - a potion of mutation {!q, unknown}
 j - a potion of brilliance {!q, unknown}
Comestibles
 c - 7 rations
 d - 7 chunks of flesh


   Skills:
 - Level 2.1 Dodging
 - Level 2.0 Stealth
 + Level 2.9 Spellcasting
 - Level 1.3 Conjurations
 * Level 6.1 Air Magic


You had one spell level left.
You knew the following spells:

 Your Spells              Type           Power        Failure   Level  Hunger
a - Shock                 Conj/Air       ##..         4%          1    #......
b - Swiftness             Chrm/Air       ##......     9%          2    ##.....
d - Airstrike             Air            ###.......   16%         4    #####..


Dungeon Overview and Level Annotations

Branches:
Dungeon (2/15)

Altars:


Innate Abilities, Weirdness & Mutations

You have a beak for a mouth.
You have claws for feet.


Message History

The zap hits the gnoll.
The gnoll is severely wounded.
A ball python comes into view.
Casting: Shock (safe; 4% risk of failure)
Confirm with . or Enter, or press ? or * to list all spells.
Aiming: Shock (safe; 4% risk of failure)
Press: ? - help, Shift-Dir - straight line, f/p - gnoll
Aim: a gnoll, wielding a whip (severely wounded)
The zap hits the gnoll.
You kill the gnoll!
The zap misses the ball python.
A gnoll comes into view. It is wielding a spear.
Casting: Shock (safe; 4% risk of failure)
Confirm with . or Enter, or press ? or * to list all spells.
Aiming: Shock (safe; 4% risk of failure)
Press: ? - help, Shift-Dir - straight line, f - ball python
Aim: a ball python The zap hits the ball python.
The ball python is severely wounded.
The gnoll shouts!
You hear a shout!
A gnoll and a zombie come into view.
Casting: Shock (safe; 4% risk of failure)
Confirm with . or Enter, or press ? or * to list all spells.
Aiming: Shock (safe; 4% risk of failure)
Press: ? - help, Shift-Dir - straight line, f/p - ball python
Aim: a ball python (severely wounded)
The zap hits the ball python.
You kill the ball python!
The zap hits the centaur zombie.
The centaur zombie is lightly damaged.
The gnoll throws a throwing net.
The throwing net hits you.
You become entangled in the net!
Casting: Shock (safe; 4% risk of failure)
Confirm with . or Enter, or press ? or * to list all spells.
Aiming: Shock (safe; 4% risk of failure)
Press: ? - help, Shift-Dir - straight line, f - gnoll
Aim: a gnoll, wielding a spear The zap hits the gnoll.
The gnoll is lightly wounded.
You struggle against the net.
You struggle against the net.
You tear a large gash into the net.
The centaur zombie barely misses you.
You rip the net and break free!
The centaur zombie barely misses you. The gnoll closely misses you.
The centaur zombie hits you. The centaur zombie closely misses you.
Found an escape hatch in the floor.
The gnoll hits you but does no damage.
The gnoll throws a throwing net.
The throwing net hits you.
You become entangled in the net!
The centaur zombie hits you but does no damage.
You see here a throwing net.
You struggle against the net.
The centaur zombie hits you. The gnoll hits you with a club.
You tear a large gash into the net.
The centaur zombie hits you but does no damage.
You shred the net and break free!
The centaur zombie hits you but does no damage.
The gnoll hits you with a club.
The gnoll hits you from afar with a spear!
* * * LOW HITPOINT WARNING * * *
The centaur zombie misses you. The gnoll hits you with a club!
You die...

# ... ## .....#........ # #.#
..##.# ##....#........ ## #.#
#.##.###..#..#........
.#######.###.##..................
.........>..........##.........).
##.#####.##.....##...............
#.# #..#...#.##............... #)#
##.#...#.#................
#.#####......#.@.#..............
##รท...........##.g#Z.............
#.........#...##..g..............
#..........#####.#...............
...........#.....................
......[.....[...##.#......####.##
.............#####.##.[.#...# .#
..#..............[.##...###.# .
..#...........#######...# ...


You could see 2 gnolls.

Vanquished Creatures
  Robin (D:2)
  A gnoll (D:2)
  An adder (D:2)
  A worm (D:2)
  2 leopard geckos
  3 bats (D:1)
  5 giant cockroaches
  13 goblins
  7 hobgoblins
  A quokka (D:2)
  A ball python (D:2)
  2 frilled lizards (D:1)
  6 kobolds (D:1)
  7 rats
51 creatures vanquished.

Notes
Turn   | Place    | Note
-------+----------+-------------------------------------------
     0 | D:1      | Amnesiac the Tengu Air Elementalist began the quest for the Orb.
     0 | D:1      | Reached XP level 1. HP: 10/10 MP: 4/4
   246 | D:1      | Reached XP level 2. HP: 15/15 MP: 1/6
   624 | D:1      | Reached skill level 5 in Air Magic
   628 | D:1      | Reached XP level 3. HP: 19/19 MP: 1/7
   669 | D:1      | Learned a level 2 spell: Swiftness
  1213 | D:2      | Noticed Robin
  1415 | D:1      | Reached XP level 4. HP: 20/24 MP: 4/9
  1433 | D:1      | Learned a level 4 spell: Airstrike
  1472 | D:2      | Killed Robin
  1568 | D:2      | Reached skill level 6 in Air Magic
  1659 | D:2      | Slain by a gnoll

Vault maps used:
D:1:      dpeg_arrival_houses_and_road
D:2:      cheibriados_altar_1, fedhas_altar_3, uniq_robin

Skill      XL: |  1  2  3  4 |
---------------+-------------+-----
Air Magic      | 5 6 |  6.1
Dodging        | |  2.1
Stealth        | |  2.0
Spellcasting   | |  2.9
Conjurations   | |  1.3

Action                   |  1- 3 |  4- 6 || total
-------------------------+-------+-------++-------
Melee: Unarmed           |    33 |     3 ||    36
       Kick              |     8 |       ||     8
       Peck              |     4 |       ||     4
 Cast: Shock             |    80 |    26 ||   106
  Eat: Chunk             |     2 |     1 ||     3
Armor: Robe              |    12 |     7 ||    19
Dodge: Dodged            |    34 |    11 ||    45

Table legend:
 A = Spawn XP
 B = Non-spawn XP
 C = Spawn XP percentage of total XP
 D = Spawn monster count
 E = Non-spawn monster count
 F = Spawn count percentage of total count
 G = Total turns spent on level
                    A         B        C        D         E        F      G
               +---------+---------+-------+---------+---------+-------+---------
         Total |       0 |     128 |   0.0 |       0 |      51 |   0.0 |  1659
               +---------+---------+-------+---------+---------+-------+---------
           D:1 |       0 |      52 |   0.0 |       0 |      32 |   0.0 |  1225
           D:2 |       0 |      76 |   0.0 |       0 |      19 |   0.0 |   434
               +---------+---------+-------+---------+---------+-------+---------
